 Dungeon Crawl Stone Soup version 0.28-a0-1594-ga885d4b3d6 (webtiles) character file.

Game seed: 3547834385911909172

607 testman the Magician (level 7, -2/53 HPs)
             Began as a Djinni Hedge Wizard on Jan 20, 2022.
             Was a Believer of Wu Jian.
             Slain by a lemure (4 damage)
             ... led by Pikel
             ... on level 4 of the Dungeon.
             The game lasted 00:23:01 (6571 turns).

testman the Magician (Djinni Hedge Wizard)          Turns: 6571, Time: 00:23:02

Health: -2/53      AC:  3    Str:  9    XL:     7   Next: 71%
Gold:   43         EV: 12    Int: 18    God:    Wu Jian [**....] SH:  0 Dex: 12

rFire   + . .      SeeInvis .   a - +0 dagger
rCold   . . .      Faith    .   (no shield)
rNeg    . . .      Spirit   .   b - +0 robe
rPois   ∞          Reflect  .   c - +0 hat
rElec   .          Harm     .   (no cloak)
rCorr   .          Rampage  .   o - +0 pair of gloves
Will    .....                   (boots unavailable)
Stlth   ++........              (no amulet)
HPRegen 0.17/turn               f - ring of ice
MPRegen 0.00/turn               (no ring)

@: flying
A: sickness immunity, fire resistance 2, cold vulnerability 1, float, innate
caster, hp casting, extra vitality 1
a: Renounce Religion, Wall Jump


You were on level 4 of the Dungeon.
You worshipped Wu Jian.
Wu Jian was pleased with you.
You visited 1 branch of the dungeon, and saw 5 of its levels.

You collected 103 gold pieces.
You spent 60 gold pieces at shops.

Inventory:

Hand Weapons
 a - a +0 dagger (weapon)
Missiles
 l - 10 poisoned darts
 t - 4 javelins
Armour
 b - a +0 robe (worn)
 c - a +0 hat (worn)
 o - a +0 pair of gloves (worn)
Jewellery
 f - a ring of ice (left hand)
Wands
 j - a wand of acid (12)
Scrolls
 d - a scroll of holy word {unknown}
 g - 2 scrolls of noise {unknown}
 k - 2 scrolls of vulnerability
 m - a scroll of summoning {unknown}
 n - a scroll of magic mapping {unknown}
 p - a scroll of brand weapon {unknown}
 u - a scroll of enchant weapon {unknown}
 v - a scroll of amnesia
Potions
 e - a potion of curing
 h - a potion of attraction
 i - a potion of lignification {unknown}
 q - a potion of haste {unknown}
 r - a potion of mutation {unknown}
 s - a potion of resistance {unknown}
 w - a potion of heal wounds


   Skills:
 + Level 4.9 Fighting
 - Level 2.1 Dodging
 - Level 1.5 Stealth
 + Level 5.0 Spellcasting


You couldn't memorise any spells.
You knew the following spells:

 Your Spells              Type           Power      Damage    Failure   Level
a - Magic Dart            Conj           88%        1d7       1%          1
b - Blink                 Tloc           44%        N/A       2%          2
c - Call Imp              Summ           22%        N/A       2%          2
d - Slow                  Hex            88%        N/A       1%          1
e - Conjure Flame         Conj/Fire      22%        6-21      4%          3
f - Mephitic Cloud        Conj/Pois/Air  22%        N/A       4%          3
g - Shock                 Conj/Air       88%        1d8       1%          1
h - Wereblood             Tmut           22%        N/A       2%          2
i - Ensorcelled Hibernat  Hex/Ice        68%        N/A       2%          2
Your spell library was empty.

Dungeon Overview and Level Annotations

Branches:
Dungeon (5/15)
 Temple: D:4-7

Altars:
Elyvilon
Wu Jian

Shops:
D:2 (   D:5 ?!**

Annotations:
D:5 Pikel


Innate Abilities, Weirdness & Mutations

You are immune to sickness and miasma.
You are immune to poison.
Your flesh is very heat resistant. (rF++)
You are vulnerable to cold. (rC-)
You float through the air rather than walking.
You learn spells naturally, not from books.
Your magical power is your life essence.
You have superior vitality. (+4 MHP)


Message History

The lemure closely misses you. The lemure hits you.
You miss the lemure.
The lemure is engulfed in noxious fumes.
The lemure appears confused.
The lemure hits you but does no damage. The lemure closely misses you.
You barely miss the lemure.
The lemure is engulfed in noxious fumes.
The lemure misses you. The lemure hits you!
* * * LOW HITPOINT WARNING * * *
The lemure is engulfed in noxious fumes.
The lemure appears confused.
The lemure hits you.
* * * LOW HITPOINT WARNING * * *
The lemure barely misses you.
You fly upwards.
There is a stone staircase leading down here.
Aiming: Shock (safe; 1% risk of failure)
Press: ? - help, Q - select action, (/) - cycle Shift-Dir - straight line The zap hits the lemure.
The lemure is lightly wounded.
The zap hits the lemure.
The lemure is moderately wounded.
* * * LOW HITPOINT WARNING * * *
The lemure hits you.
* * * LOW HITPOINT WARNING * * *
Aiming: Shock (safe; 1% risk of failure)
Press: ? - help, Q - select action, (/) - cycle Shift-Dir - straight line The zap hits the lemure.
The lemure is heavily wounded.
The zap misses the lemure.
* * * LOW HITPOINT WARNING * * *
The lemure closely misses you.
Aiming: Shock (safe; 1% risk of failure)
Press: ? - help, Q - select action, (/) - cycle Shift-Dir - straight line The zap hits the lemure.
The lemure is heavily wounded.
The zap hits the lemure!
The lemure is almost dead.
* * * LOW HITPOINT WARNING * * *
The lemure hits you.
You die...

#...#### ######....#.####### ###
###.#.##............### #.##
##.....................# ...#
##..#>##...##..........##
...###..##.......##.......###
##.#..........##.#.>....###
##............##.#..###...#
##.....###...#.@5..# #...#
###.#.####.........###..######
##.#...##................##...###
..........................#.....#
....##..............##..........#
##.#.................(#........##
...##...#..................##..##
................##..............#
..######.....##.......#..#.#.....


You could see a lemure.

Vanquished Creatures
  2 black bears
  A lemure (D:5)
  A bullfrog (D:4)
  2 scorpions
  An orc priest (D:3)
  A bullfrog skeleton (D:4)
  A hound (D:5)
  An orc wizard (D:3)
  A hound skeleton (D:4)
  2 adders
  A shadow imp (D:3)
  An ufetubus (D:4)
  An adder skeleton (D:3)
  2 worms (D:2)
  A dart slug (D:2)
  7 orcs
  7 ball pythons
  7 endoplasms
  4 giant cockroaches
  12 goblins
  4 hobgoblins
  5 jackals
  2 quokkas (D:1)
  6 bats
  3 frilled lizards
  11 kobolds
  4 rats
91 creatures vanquished.

Vanquished Creatures (others)
  2 plants (D:3)
2 creatures vanquished.

Grand Total: 93 creatures vanquished

Notes
Turn   | Place    | Note
-------+----------+-------------------------------------------
     0 | D:1      | testman the Djinni Hedge Wizard began the quest for the
                  | Orb.
     0 | D:1      | Reached XP level 1. HP: 15/15 MP: 0/0
   283 | D:1      | Reached XP level 2. HP: 19/21 MP: 0/0
   601 | D:1      | Reached skill level 3 in Spellcasting
  1090 | D:1      | Reached XP level 3. HP: 22/25 MP: 0/0
  1090 | D:1      | Learned a level 1 spell: Shock
  1912 | D:2      | Reached skill level 1 in Fighting
  2078 | D:2      | Reached XP level 4. HP: 28/32 MP: 0/0
  2481 | D:2      | Found Ynkeaby's Weapon Emporium.
  3098 | D:3      | Found a faded altar of an unknown god.
  3109 | D:3      | Prayed at the altar of an unknown god.
  3109 | D:3      | Became a worshipper of the Wu Jian Council
  3109 | D:3      | Reached * piety under Wu Jian
  3647 | D:3      | Noticed a black bear
  3658 | D:3      | Killed a black bear
  3659 | D:3      | Reached skill level 4 in Spellcasting
  3659 | D:3      | Reached XP level 5. HP: 22/40 MP: 0/0
  3659 | D:3      | Learned a level 2 spell: Wereblood
  4011 | D:3      | Reached XP level 6. HP: 35/46 MP: 0/0
  4395 | D:3      | Found a white marble altar of Elyvilon.
  4931 | D:4      | Reached XP level 7. HP: 18/52 MP: 0/0
  4931 | D:4      | Learned a level 2 spell: Ensorcelled Hibernation
  5249 | D:4      | Reached ** piety under Wu Jian
  5512 | D:4      | Reached skill level 5 in Spellcasting
  6011 | D:5      | Entered Level 5 of the Dungeon
  6265 | D:5      | Found Kiw Hef's Assorted Antiques.
  6265 | D:5      | Found Jitimamogo's Distillery.
  6269 | D:5      | Found Asakef's General Store.
  6270 | D:5      | Found Meticad's Magic Scroll Shoppe.
  6285 | D:5      | Bought a potion of heal wounds for 60 gold pieces
  6328 | D:5      | Noticed Pikel
  6571 | D:4      | Slain by a lemure

Illustrated notes

Levels and vault maps discovered:
D:1:      wheals_arrival_linesprint, layout_loops_ring, feat_on_display
D:2:      layout_basic, serial_shops, shop, st_stairs_2, minmay_quantized
D:3:      minmay_wonky_spiral, layout_basic, lemuel_crystal_altar,
          dreamdust_ecumenical_altar_grove
D:4:      layout_cave_pools
D:5:      layout_gridville, minmay_shop_grid_forest, uniq_pikel

Skill      XL: |  1  2  3  4  5  6  7 |
---------------+----------------------+-----
Spellcasting   | 3 4 5 |  5.0
Fighting       | 1 2 3 4 |  4.9
Dodging        | |  2.1
Stealth        | |  1.5

Action                   |  1- 3 |  4- 6 |  7- 9 || total
-------------------------+-------+-------+-------++-------
Melee: Dagger            |    28 |   143 |   106 ||   277
       Punch             |       |     2 |     3 ||     5
 Cast: Magic Dart        |    27 |       |       ||    27
       Shock             |    41 |    63 |    37 ||   141
       Mephitic Cloud    |       |     2 |     2 ||     4
       Ensorcelled Hiber |       |       |     1 ||     1
Invok: Lunge             |       |     6 |     4 ||    10
       Whirlwind         |       |     2 |     5 ||     7
  Use: Scroll            |       |     3 |     2 ||     5
 Stab: Sleeping          |       |       |     3 ||     3
Armor: Robe              |     8 |    18 |    24 ||    50
Dodge: Dodged            |    21 |    95 |   106 ||   222

Table legend: (Time is in decaauts)
 A = Elapsed time spent in this place.
 B = Non-inter-level travel time spent in this place.
 C = Inter-level travel time spent in this place.
 D = Time resting spent in this place.
 E = Time spent auto-exploring this place.
 F = Levels seen in this place.
 G = Mean time per level.
                   A        B        C        D        E       F      G
               +--------+--------+--------+--------+--------+-----+--------+
         Total |   6572 |   6459 |    113 |   2563 |   3067 |   5 | 1314.4 |
       Dungeon |   6572 |   6459 |    113 |   2563 |   3067 |   5 | 1314.4 |
               +--------+--------+--------+--------+--------+-----+--------+

Top non-repeatable levels by time:
     D:3: 1989 daAuts
     D:4: 1626 daAuts
     D:1: 1569 daAuts
     D:2: 1207 daAuts
     D:5: 178 daAuts
